 Dungeon Crawl Stone Soup version 0.31-a0-233-g139696dc86 (webtiles) character file.

Game seed: 12068460974749986526

290 qw the Shooter (level 6, -2/52 HPs)
             Began as a Minotaur Hexslinger on July 7, 2023.
             Slain by Grinder (3 damage)
             ... on level 5 of the Dungeon.
             The game lasted 00:00:48 (3196 turns).

qw the Shooter (Minotaur Hexslinger)                Turns: 3196, Time: 00:00:49

Health: -2/52      AC:  6    Str: 12    XL:     6   Next: 9%
Magic:  6/6        EV: 16    Int: 10    God:
Gold:   181        SH:  0    Dex: 15    Spells: 6/7 levels left

rFire   + . .        Y - +2 sling (drain)
rCold   . . .        (no shield)
rNeg    . . .        h - +0 ring mail
rPois   +            (helmet restricted)
rElec   .            (no cloak)
rCorr   .            (no gloves)
SInv    .            g - +0 pair of boots
Will    .....        (no amulet)
Stlth   +            e - +5 ring of evasion
HPRegen 0.28/turn    b - ring of poison resistance
MPRegen 0.10/turn

%: no passive effects
@: no status effects
A: horns 2, retaliatory headbutt, deterioration 1, fire resistance 1, passive
freeze
a: no special abilities


You were on level 5 of the Dungeon.
You visited 1 branch of the dungeon, and saw 5 of its levels.

You collected 181 gold pieces.


Innate Abilities, Weirdness & Mutations

You have a pair of horns on your head.
You reflexively headbutt those who attack you in melee.
Your body sometimes deteriorates upon taking damage.
Your flesh is heat resistant. (rF+)
A frigid envelope surrounds you and freezes all who hurt you.


   Skills:
 - Level 4.0 Fighting
 + Level 6.0 Ranged Weapons
 - Level 1.0 Armour
 - Level 2.1 Dodging
 - Level 1.0 Spellcasting
 - Level 2.0 Hexes


You had 6 spell levels left.
You knew the following spells:

 Your Spells              Type           Power      Damage    Failure   Level
a - Slow                  Hex            16%        N/A       34%         1

Your spell library contained the following spells:

 Spells                   Type           Power      Damage    Failure   Level
 Inner Flame              Hex/Fire       2%         N/A       83%         3
 Portal Projectile        Hex/Tloc       4%         N/A       83%         3
 Cause Fear               Hex            2%         N/A       98%         4

Inventory:

Hand Weapons
 Y - a +2 sling of draining (weapon)
Armour
 g - a +0 pair of boots (worn)
 h - a +0 ring mail (worn)
Jewellery
 b - a ring of poison resistance (right hand)
 e - a +5 ring of evasion (left hand)
Scrolls
 k - a scroll of identify
Potions
 a - a potion of brilliance {unknown}
 c - a potion of heal wounds {unknown}
 d - a potion of lignification {unknown}
 f - 2 potions of curing
 i - a potion of degeneration {unknown}
 j - a potion of mutation
 l - a potion of resistance {unknown}

Dungeon Overview and Level Annotations

Branches:
Dungeon (5/15)
 Temple: D:4-7

Altars:
Vehumet

Annotations:
D:3 1 runed translucent door, qw's ghost, amateur MiHs
D:4 1 runed translucent door, Crazy Yiuf
D:5 Grinder


Message History

You shoot a sling bullet.
The sling bullet hits Grinder but does no damage.
Grinder is moderately wounded.
Grinder gestures at you.
You suddenly lose the ability to move!
Grinder hits you!
You writhe in agony.
Grinder resists.
Grinder is very cold.
Grinder is moderately wounded.
Grinder hits you.
You writhe in agony.
Grinder completely resists.
Grinder says, "Just stop there for a second..."
Grinder gestures at you. You resist with significant effort. Grinder hits you.
You writhe in agony.
Grinder resists.
Grinder is very cold.
Grinder is moderately wounded.
You can move again.
You shoot a sling bullet.
The sling bullet hits Grinder but does no damage.
Grinder is moderately wounded.
Grinder barely misses you. The shadow imp gestures at you.
Pain shoots through your body!
You shoot a sling bullet. The sling bullet hits Grinder.
Grinder is moderately wounded.
The shadow imp hits you.
The shadow imp resists.
The shadow imp is very cold.
The shadow imp is lightly wounded.
Grinder blinks!
The shadow imp closely misses you.
You shoot a sling bullet.
The sling bullet closely misses the shadow imp.
The shadow imp hits you.
The shadow imp resists.
The shadow imp is very cold.
The shadow imp is lightly wounded.
You shoot a sling bullet.
The sling bullet closely misses Grinder.
Grinder hits you.
You writhe in agony.
Grinder resists.
Grinder is very cold.
Grinder is moderately wounded.
The shadow imp gestures at you. Pain shoots through your body!
You shoot a sling bullet. The sling bullet hits Grinder.
Grinder is heavily wounded.
The shadow imp gestures at you. Pain shoots through your body!
Grinder hits you.
You die...

#....#....>..
#....+..##... ###+##
#....#'######
......######........#
.......!..........).#
....................#
....................####
........................
#5@................
#.5................
+..................
+#######..................
..........................
........#######+###+###'##
........#............#...#
........#............#...#
........#...........###'##


You could see Grinder and a shadow imp.

Vanquished Creatures
  A bullfrog (D:4)
  A scorpion (D:5)
  An iguana (D:3)
  Terence (D:2)
  6 adders
  A dart slug (D:5)
  An orc (D:3)
  4 ball pythons
  6 endoplasms
  3 giant cockroaches
  4 goblins
  3 hobgoblins
  7 jackals
  3 kobolds
  3 quokkas
  4 bats
  4 frilled lizards
  4 rats
57 creatures vanquished.

Notes
Turn   | Place    | Note
-------+----------+-------------------------------------------
     0 | D:1      | qw the Minotaur Hexslinger began the quest for the Orb.
     0 | D:1      | Reached XP level 1. HP: 16/16 MP: 1/1
     0 | D:1      | 0 ||| qw: Version: 0.3-a-46-gb1f654a
     0 | D:1      | 0 ||| qw: Game counter: 3059
     0 | D:1      | 0 ||| qw: Melee chars always use a shield: true
     0 | D:1      | 0 ||| qw: God list: Okawaru
     0 | D:1      | 0 ||| qw: Allow faded altars: false
     0 | D:1      | 0 ||| qw: Do Orc after clearing Dungeon:15 true
     0 | D:1      | 0 ||| qw: Do second Lair branch before Depths: true
     0 | D:1      | 0 ||| qw: Lair rune preference: random
     0 | D:1      | 0 ||| qw: Goals: Normal
     0 | D:1      | 0 ||| PLANNING D:1-11
    83 | D:1      | 83 ||| SWAPPING to +2 sling of draining.
    84 | D:1      | 84 ||| DROPPING +1 sling.
   158 | D:1      | Found a faded altar of an unknown god.
   205 | D:1      | Reached skill level 3 in Ranged Weapons
   231 | D:1      | Reached XP level 2. HP: 23/23 MP: 2/2
   515 | D:1      | 515 ||| UPGRADING to +0 pair of boots.
   520 | D:1      | 520 ||| UPGRADING to +5 ring of evasion.
   521 | D:1      | 521 ||| READING scroll labelled LED SUOSENOYRPH.
   522 | D:1      | 522 ||| READING scroll labelled LUCIPRU GYCOSO.
   523 | D:1      | 523 ||| DROPPING scroll of poison.
   570 | D:2      | Reached XP level 3. HP: 29/29 MP: 3/3
   622 | D:2      | Reached skill level 4 in Ranged Weapons
   986 | D:2      | Noticed Terence
   995 | D:2      | Killed Terence
   996 | D:2      | Reached XP level 4. HP: 36/36 MP: 4/4
   998 | D:2      | Reached skill level 5 in Ranged Weapons
  1213 | D:2      | 1213 ||| UPGRADING to +0 ring mail.
  1223 | D:2      | 1223 ||| DROPPING +0 robe.
  1224 | D:2      | 1224 ||| UPGRADING to ring of poison resistance.
  1225 | D:2      | 1225 ||| READING scroll labelled DID OKLEAVVUM.
  1273 | D:3      | Reached skill level 1 in Armour
  1351 | D:3      | Reached skill level 3 in Fighting
  1351 | D:3      | Reached XP level 5. HP: 31/45 MP: 5/5
  1558 | D:3      | Found a runed translucent door.
  1558 | D:3      | Noticed qw's ghost (amateur MiHs)
  1782 | D:3      | You fall into a shaft and drop 1 floor!
  1927 | D:4      | Found a radiant altar of Vehumet.
  1972 | D:4      | 1972 ||| READING scroll labelled LAGEDGH VADOF.
  1973 | D:4      | 1973 ||| DRINKING 2 fuming grey potions.
  1974 | D:4      | 1974 ||| DRINKING 2 metallic sapphire potions.
  1974 | D:4      | Gained mutation: A frigid envelope surrounds you and
                  | freezes all who hurt you. [potion of mutation]
  1974 | D:4      | Gained mutation: Your body sometimes deteriorates upon
                  | taking damage. [potion of mutation]
  1974 | D:4      | Gained mutation: Your flesh is heat resistant. (rF+)
                  | [potion of mutation]
  2313 | D:3      | 2313 ||| READING scroll labelled ANOVAO PUMI.
  2825 | D:4      | Found a runed translucent door.
  2826 | D:4      | Noticed Crazy Yiuf
  3040 | D:4      | 3040 ||| DRINKING 2 brown potions.
  3041 | D:4      | 3041 ||| DRINKING 3 potions of curing.
  3041 | D:4      | 3041 ||| (to cure confusion)
  3042 | D:4      | 3042 ||| DROPPING potion of ambrosia.
  3097 | D:5      | Entered Level 5 of the Dungeon
  3101 | D:5      | Reached skill level 6 in Ranged Weapons
  3155 | D:5      | Reached XP level 6. HP: 52/52 MP: 6/6
  3182 | D:5      | Noticed Grinder
  3187 | D:5      | Paralysed by Grinder for 5 turns
  3195 | D:5      | HP: 6/52 [shadow imp/nerve-wracking pain (12)]
  3196 | D:5      | HP: 1/52 [shadow imp/nerve-wracking pain (5)]
  3196 | D:5      | Slain by Grinder

Levels and vault maps discovered:
D:1:      co_arrival_random_square_maze, layout_basic,
          shapermc_ecumenical_altar_mp_ritualfount, minmay_misc_feat_chi,
          st_stairs_5, chequers_jeans, minmay_pentomino_q2
D:2:      layout_loops_ring, supply_closet_lemuel, grunt_ministairs_10,
          kennysheep_decorative_pillar, uniq_terence
D:3:      layout_loops_ring, hellmonk_ghost_happy_afterlife, roderic_lattice_a
D:4:      layout_basic, kennysheep_mini_moat, chequers_serial_rivers_micro_e,
          uniq_crazy_yiuf_cottage
D:5:      layout_gridville, minmay_temple_entry_trees, minmay_shop_grid_forest,
          uniq_grinder

Skill      XL: |  1  2  3  4  5 |
---------------+----------------+-----
Ranged Weapons | 3 4 5 6 |  6.0
Fighting       | 2 3 4 |  4.0
Armour         | 1 |  1.0
Dodging        | |  2.1
Spellcasting   | |  1.0
Hexes          | |  2.0

Action                     |  1- 3 |  4- 6 || total
---------------------------+-------+-------++-------
   Fire: Sling             |    90 |    58 ||   148
    Use: Scroll            |     2 |     3 ||     5
         Potion            |       |     4 ||     4
 Armour: Robe              |     4 |       ||     4
         Skin              |     5 |       ||     5
         Ring mail         |       |     5 ||     5
  Dodge: Dodged            |    15 |    23 ||    38

Table legend:
 A = Non-vault XP
 B = Vault XP
 C = Vault XP percentage of total XP
 D = Non-vault monster count
 E = Vault monster count
 F = Vault count percentage of total count
                 A         B        C        D         E       F
            +---------+---------+-------+---------+---------+-------
      Total |     369 |      46 |  11.1 |      50 |       7 |  12.3
            +---------+---------+-------+---------+---------+-------
        D:1 |      20 |       6 |  23.1 |      12 |       4 |  25.0
        D:2 |      81 |      40 |  33.1 |      21 |       3 |  12.5
        D:3 |      77 |       0 |   0.0 |       9 |       0 |   0.0
        D:4 |      95 |       0 |   0.0 |       4 |       0 |   0.0
        D:5 |      96 |       0 |   0.0 |       4 |       0 |   0.0
            +---------+---------+-------+---------+---------+-------
